 Dungeon Crawl Stone Soup version 0.31-a0-229-g1fc7ce93e2 (webtiles) character file.

Game seed: 2561024607399411227

91 qw the Shooter (level 4, -3/26 HPs)
             Began as a Gargoyle Hexslinger on July 6, 2023.
             Slain by a gnoll
             ... wielding a +0 spear
              (5 damage)
             ... on level 3 of the Dungeon.
             The game lasted 00:00:42 (1663 turns).

qw the Shooter (Gargoyle Hexslinger)                Turns: 1663, Time: 00:00:43

Health: -3/26      AC:  9    Str: 12    XL:     4   Next: 59%
Magic:  5/5        EV: 15    Int: 13    God:
Gold:   141        SH:  0    Dex: 14    Spells: 4/5 levels left

rFire   . . .        Y - +1 sling
rCold   . . .        (no shield)
rNeg    + . .        g - +0 ring mail
rPois   inf          (no helmet)
rElec   +            (no cloak)
rCorr   .            i - +0 pair of gloves
SInv    .            (no boots)
Will    .....        (no amulet)
Stlth   +            f - +4 ring of slaying {mikee}
HPRegen 0.24/turn    k - +5 ring of evasion
MPRegen 0.09/turn

%: no passive effects
@: no status effects
A: sickness immunity, AC +3, negative energy resistance 1, electricity
resistance, torment resistance 1, petrification resistance
a: no special abilities


You were on level 3 of the Dungeon.
You visited 1 branch of the dungeon, and saw 3 of its levels.

You collected 141 gold pieces.


Innate Abilities, Weirdness & Mutations

You are immune to sickness and miasma.
Your stone body is resilient. (AC +3)
You are immune to poison.
You resist negative energy. (rN+)
You are resistant to electric shocks. (rElec)
You are resistant to unholy torment.
You are immune to petrification.


   Skills:
 - Level 2.0 Fighting
 + Level 4.2 Ranged Weapons
 - Level 1.0 Armour
 - Level 1.5 Dodging
 - Level 1.0 Spellcasting
 - Level 2.6 Hexes


You had 4 spell levels left.
You knew the following spells:

 Your Spells              Type           Power      Damage    Failure   Level
a - Slow                  Hex            28%        N/A       22%         1

Your spell library contained the following spells:

 Spells                   Type           Power      Damage    Failure   Level
 Inner Flame              Hex/Fire       4%         N/A       73%         3
 Portal Projectile        Hex/Tloc       8%         N/A       73%         3
 Cause Fear               Hex            3%         N/A       91%         4

Inventory:

Hand Weapons
 Y - a +1 sling (weapon)
Armour
 g - a +0 ring mail (worn)
 i - a +0 pair of gloves (worn)
Jewellery
 f - a +4 ring of slaying (left hand) {mikee}
 k - a +5 ring of evasion (right hand)
Potions
 b - a potion of ambrosia {unknown}
 c - a potion of lignification {unknown}
 j - a potion of magic {unknown}

Dungeon Overview and Level Annotations

Branches:
Dungeon (3/15)

Altars:


Message History

The gnoll is lightly wounded.
The gnoll misses you. The endoplasm freezes you.
You are frozen.
The gnoll closely misses you.
You shoot a sling bullet. The sling bullet hits the gnoll.
The gnoll is heavily wounded.
The gnoll completely misses you. The endoplasm freezes you.
You are frozen.
The gnoll barely misses you.
The gnoll hits you from afar with a +0 spear.
The endoplasm closely misses you. The gnoll barely misses you.
You shoot a sling bullet.
The sling bullet barely misses the gnoll.
The gnoll hits you but does no damage.
The endoplasm hits you but does no damage.
You shoot a sling bullet.
The sling bullet closely misses the gnoll.
The sling bullet hits the gnoll.
The gnoll is heavily wounded.
The gnoll misses you. The endoplasm hits you. The gnoll closely misses you.
You shoot a sling bullet. The sling bullet hits the gnoll.
The gnoll is almost dead.
The gnoll hits you from afar with a +0 spear.
The gnoll hits you with a +0 flail. The endoplasm closely misses you.
The gnoll hits you with a +0 flail. The gnoll barely misses you.
The gnoll hits you from afar with a +0 spear.
The endoplasm hits you but does no damage.
You shoot a sling bullet. The sling bullet hits the gnoll!
You kill the gnoll!
The gnoll hits you but does no damage. x2
The endoplasm hits you but does no damage.
You shoot a sling bullet.
The sling bullet closely misses the gnoll.
The gnoll barely misses you. x2; The gnoll hits you but does no damage.
The endoplasm freezes you.
You are frozen.
You shoot a sling bullet. The sling bullet hits the gnoll.
The gnoll is moderately wounded.
The gnoll hits you from afar with a +0 spear.
You die...

......(. ####.
######.. ..#. ##
#.. #... .# #..
... .#######..
#.. .#........
#g. .#.#####..
...##.g####
..#.# #.#
......g@..####.#
#.###.#
#.###.J##.....##
##....# #..
######.###.#####
#.. #..#.## #..
#.#.## #.. #.#.#
#.. #.... #..
...... ##...##


You could see 3 gnolls and an endoplasm.

Vanquished Creatures
  3 adders (D:2)
  A gnoll (D:3)
  A worm (D:2)
  4 bats
  5 endoplasms
  2 giant cockroaches (D:1)
  9 goblins
  9 hobgoblins
  2 ball pythons (D:1)
  2 frilled lizards (D:1)
  4 kobolds
  6 rats
48 creatures vanquished.

Notes
Turn   | Place    | Note
-------+----------+-------------------------------------------
     0 | D:1      | qw the Gargoyle Hexslinger began the quest for the Orb.
     0 | D:1      | Reached XP level 1. HP: 12/12 MP: 2/2
     0 | D:1      | 0 ||| qw: Version: 0.3-a-46-gb1f654a
     0 | D:1      | 0 ||| qw: Game counter: 1350
     0 | D:1      | 0 ||| qw: Melee chars always use a shield: true
     0 | D:1      | 0 ||| qw: God list: Okawaru
     0 | D:1      | 0 ||| qw: Allow faded altars: false
     0 | D:1      | 0 ||| qw: Do Orc after clearing Dungeon:15 true
     0 | D:1      | 0 ||| qw: Do second Lair branch before Depths: true
     0 | D:1      | 0 ||| qw: Lair rune preference: random
     0 | D:1      | 0 ||| qw: Goals: Normal
     0 | D:1      | 0 ||| PLANNING D:1-11
   125 | D:1      | Reached XP level 2. HP: 11/16 MP: 3/3
   271 | D:1      | Reached skill level 3 in Ranged Weapons
   503 | D:1      | Reached XP level 3. HP: 20/21 MP: 4/4
   725 | D:1      | 725 ||| UPGRADING to +0 ring mail.
   735 | D:1      | 735 ||| DROPPING +0 robe.
   736 | D:1      | 736 ||| UPGRADING to +4 ring of slaying {mikee}.
   737 | D:1      | 737 ||| UPGRADING to +5 ring of evasion.
   738 | D:1      | 738 ||| READING 2 scrolls labelled KYFONU PEOM.
   739 | D:1      | 739 ||| READING scroll labelled MARENU HURIM.
   740 | D:1      | 740 ||| READING scroll labelled VOHUQ IWNOS.
   741 | D:1      | 741 ||| READING scroll labelled QOUXIACEMU.
   742 | D:1      | 742 ||| DROPPING scroll of fog.
   743 | D:1      | 743 ||| DROPPING scroll of poison.
  1232 | D:2      | Reached XP level 4. HP: 26/26 MP: 5/5
  1252 | D:2      | Reached skill level 4 in Ranged Weapons
  1327 | D:2      | Reached skill level 1 in Armour
  1583 | D:2      | 1583 ||| UPGRADING to +0 pair of gloves.
  1588 | D:2      | 1588 ||| DROPPING +6 ring of intelligence.
  1589 | D:2      | 1589 ||| READING scroll labelled UMUAR SAUF.
  1590 | D:2      | 1590 ||| READING scroll labelled KESKERGH CUIXKO.
  1608 | D:2      | 1608 ||| READING scroll labelled WUTHRE RASTA.
  1609 | D:2      | 1609 ||| READING scroll labelled POGUDI RUOTO.
  1660 | D:3      | HP: 6/26 [gnoll/+0 flail (3)]
  1662 | D:3      | HP: 1/26 [frozen (3)]
  1663 | D:3      | Slain by a gnoll

Levels and vault maps discovered:
D:1:      evilmike_arrival_home_sweet_home, layout_loops_ring
D:2:      layout_loops_corners, minmay_quadrilaterals
D:3:      layout_loops_ring, serial_shops, shop, minmay_misc_feat_square,
          minmay_lizard_king, uniq_crazy_yiuf_cottage

Skill      XL: |  1  2  3  4 |
---------------+-------------+-----
Ranged Weapons | 3 4 |  4.2
Fighting       | 2 |  2.0
Armour         | 1 |  1.0
Dodging        | |  1.5
Spellcasting   | |  1.0
Hexes          | |  2.6

Action                     |  1- 3 |  4- 6 || total
---------------------------+-------+-------++-------
   Fire: Sling             |   127 |    36 ||   163
    Use: Scroll            |     4 |     4 ||     8
 Armour: Robe              |    23 |       ||    23
         Ring mail         |    11 |    11 ||    22
  Dodge: Dodged            |    53 |    20 ||    73

Table legend:
 A = Non-vault XP
 B = Vault XP
 C = Vault XP percentage of total XP
 D = Non-vault monster count
 E = Vault monster count
 F = Vault count percentage of total count
                 A         B        C        D         E       F
            +---------+---------+-------+---------+---------+-------
      Total |     105 |      26 |  19.8 |      42 |       6 |  12.5
            +---------+---------+-------+---------+---------+-------
        D:1 |      34 |       0 |   0.0 |      22 |       0 |   0.0
        D:2 |      57 |      26 |  31.3 |      19 |       6 |  24.0
        D:3 |      14 |       0 |   0.0 |       1 |       0 |   0.0
            +---------+---------+-------+---------+---------+-------
